 Dungeon Crawl Stone Soup version 0.28-a0-1510-gd0f6b136d3 (webtiles) character file.

Game seed: 15325734658472684305

214 spiderkeys the Ducker (level 5, -1/25 HPs)
             Began as a Felid Abyssal Knight on Jan 15, 2022.
             Was a Believer of Lugonu.
             Slain by an iguana (6 damage)
             ... on level 4 of the Dungeon.
             The game lasted 00:07:15 (5132 turns).

spiderkeys the Ducker (Felid Abyssal Knight)        Turns: 5132, Time: 00:07:16

Health: -1/25      AC:  1    Str:  9    XL:     5   Next: 60%
Magic:  9/9        EV: 19    Int: 13    God:    Lugonu [**....]
Gold:   41         SH:  0    Dex: 17    Spells: 8/8 levels left
                                        Lives:  0   Deaths: 1

rFire   . . .      SeeInvis +     - Unarmed
rCold   . . .      Faith    .   (shield unavailable)
rNeg    . . .      Spirit   .   (armour unavailable)
rPois   .          Reflect  .   (helmet unavailable)
rElec   .          Harm     .   (cloak unavailable)
rCorr   .          Rampage  .   (gloves unavailable)
Will    .....                   (boots unavailable)
Stlth   +++.......              (no amulet)
HPRegen 0.08/turn               (no ring)
MPRegen 0.11/turn               (no ring)

@: quick
A: very small, claws 1, fangs 3, see invisible, speed 1, shaggy fur 1, stealthy
paws, no weapons or thrown items, no armour, multi-lived
a: Renounce Religion, Depart the Abyss, Bend Space


You were on level 4 of the Dungeon.
You worshipped Lugonu.
Lugonu was pleased with you.
You visited 1 branch of the dungeon, and saw 4 of its levels.
You visited the Abyss 1 time.

You collected 101 gold pieces.
You spent 60 gold pieces at shops.


Innate Abilities, Weirdness & Mutations

You have sharp claws.
You have razor-sharp teeth.
You have supernaturally acute eyesight. (SInv)
You cover ground quickly. (Speed+)
You are covered in fur. (AC +1)
Your paws help you pounce on unaware monsters.
You are incapable of wielding weapons or throwing items.
You cannot wear armour.
You gain extra lives every three experience levels.


   Skills:
 + Level 4.0 Fighting
 + Level 4.7 Dodging
 + Level 3.6 Stealth
 + Level 3.2 Unarmed Combat
 + Level 2.1 Spellcasting
 - Level 1.7 Invocations


You had 8 spell levels left.
You didn't know any spells.
Your spell library was empty.

Inventory:

Scrolls
 b - 2 scrolls of fear
 d - 3 scrolls of noise {!r}
Potions
 a - 2 potions of attraction {!q}
 c - a potion of heal wounds {unknown}
 e - a potion of brilliance {unknown}
 f - 4 potions of mutation {unknown}
 g - 2 potions of might {unknown}
 h - a potion of haste {unknown}
 i - a potion of lignification {unknown}

Dungeon Overview and Level Annotations

Branches:
Dungeon (4/15)             Temple (0/1) D:4

Altars:

Shops:
D:1 [ D:2

* ##..........# .#
#.###.#####.# .#
#### .## #.# #.#
...... .# #.# #.#
.#..# # ## #.# #.#
....#.#
#.#####.###..###.#
#
#............#...
##
#.#####.)..###.#
.## ###...@lJ# #.#
##.###h# .## #...
..| ## ##..###.# #
.... (# .##.# # ..
S. .# ..


You could see an iguana, a hound and an endoplasm.


Message History

The adder closely misses you.
You miss the adder. The adder bites you but does no damage.
You claw the adder!
You kill the adder!
Lugonu accepts your kill.
No target in view!
No target in view!
Key pressed, stopping explore.
Key pressed, stopping explore.
Key pressed, stopping explore.
Found a stone staircase leading down. 😎 HP[+1]
Your hp is fully restored (25).
g - 2 yellow potions (gained 1)
You now have 41 gold pieces (gained 12).
f - 4 fizzy sapphire potions (gained 1)
A goblin comes into view. It is wielding a +0 dagger.
You completely miss the goblin. You bite the goblin, but do no damage.
The goblin closely misses you.
You scratch the goblin.
You kill the goblin!
Lugonu accepts your kill.
No target in view!
No target in view!
A worm comes into view.
Things that are here:
a +0 dagger; an amulet of the acrobat; a scroll labelled LUOPSEIRYO A worm is nearby!
A worm is nearby!
You scratch the worm. The worm misses you.
You claw the worm! You bite the worm.
You kill the worm!
Lugonu accepts your kill.
No target in view!
No target in view!
No target in view!
A ball python comes into view.
A ball python is nearby!
Okay, then.
An adder skeleton comes into view.
An orc and an endoplasm come into view.
You see here a worm corpse.
An iguana and an orc come into view.
The iguana hisses angrily.
The orc shouts!
The endoplasm quivers.
The orc shouts!
You hear a bark!
You scratch the iguana. You bite the iguana, but do no damage.
A hound comes into view.
The iguana completely misses you.
You scratch the iguana. The orc closely misses you.
The iguana completely misses you.
You closely miss the iguana. You bite the iguana.
The iguana closely misses you. The orc completely misses you.
You completely miss the iguana.
The hound pauses to sniff the ground.
The iguana misses you. The orc hits you but does no damage.
You see here a worm corpse.
The orc barely misses you.
You see here a worm corpse.
You barely miss the orc. Your bite misses the orc. The orc closely misses you.
You scratch the orc. The orc closely misses you.
You scratch the orc.
You kill the orc!
Lugonu accepts your kill.
You barely miss the orc. Your bite misses the orc. The orc barely misses you.
You scratch the orc but do no damage.
The orc hits you with a +0 club. 😕 HP[-4]
You take 4 damage, and now have 21/25 hp.
You scratch the orc but do no damage. The orc barely misses you.
You scratch the orc. You bite the orc.
The orc hits you with a +0 club. 😮 HP[-3]
You take 3 damage, and now have 18/25 hp.
You are too injured to fight recklessly!
You are too injured to fight recklessly!
You are too injured to fight recklessly!
You are too injured to fight recklessly!
You scratch the orc. The orc closely misses you.
You scratch the orc.
You kill the orc!
Lugonu accepts your kill. 😕 HP[+1]
You scratch the iguana but do no damage.
The hound stops to sniff the ground.
You scratch the iguana. You bite the iguana, but do no damage.
The iguana bites you. 😮 HP[-3]
You take 3 damage, and now have 16/25 hp.
You scratch the iguana. The iguana bites you!
* * * LOW HITPOINT WARNING * * *
😨 HP[-8]
You take 8 damage, and now have 8/25 hp.
MASSIVE DAMAGE!! (PAUSE)
You scratch the iguana but do no damage.
Your bite misses the iguana. The iguana bites you.
* * * LOW HITPOINT WARNING * * *
😱 HP[-3]
You take 3 damage, and now have 5/25 hp.
You scratch the iguana but do no damage.
The iguana bites you.
You die...

Skill      XL: |  1  2  3  4  5 |
---------------+----------------+-----
Stealth        | 1 3 |  3.6
Spellcasting   | 1 2 |  2.1
Dodging        | 4 |  4.7
Unarmed Combat | 3 |  3.2
Fighting       | 4 |  4.0
Invocations    | |  1.7

Action                   |  1- 3 |  4- 6 || total
-------------------------+-------+-------++-------
Melee: Unarmed           |   154 |    98 ||   252
       Bite              |    14 |    16 ||    30
       Punch             |     3 |     5 ||     8
  Use: Scroll            |     5 |     1 ||     6
 Stab: Sleeping          |     4 |     2 ||     6
Armor: Skin              |     7 |     5 ||    12
Dodge: Dodged            |   126 |    67 ||   193

Levels and vault maps discovered:
D:1:      co_arrival_square_in_a_square_in_a_square, layout_loops_cross,
          serial_shops, shop, corexii_corridor_pit
D:2:      layout_loops_cross, basic_ecumenical_altar, serial_shops,
          nicolae_shop_overgrown_old_shop, glass_columns_a, lemuel_old_faithful
D:3:      minmay_skewed_foursquare, layout_basic
D:4:      layout_loops_ring, minmay_temple_entry_stoned_glass, minmay_quantized

Notes
Turn   | Place    | Note
-------+----------+-------------------------------------------
     0 | Abyss:1  | spiderkeys the Felid Abyssal Knight began the quest for the
                  | Orb.
     0 | Abyss:1  | Reached XP level 1. HP: 10/10 MP: 3/3
     0 | Abyss:1  | magus.rc [v1.9.10]
     8 | D:1      | You pass through the gate.
     8 | D:1      | Escaped the Abyss
   427 | D:1      | Reached skill level 1 in Stealth
   427 | D:1      | Reached XP level 2. HP: 8/14 MP: 4/4
   652 | D:1      | Found Cucav's Antique Armour Emporium.
  1108 | D:2      | Reached ** piety under Lugonu
  1191 | D:2      | Reached XP level 3. HP: 16/17 MP: 5/5
  1266 | D:2      | Found a faded altar of an unknown god.
  1371 | D:2      | Reached skill level 1 in Spellcasting
  1464 | D:2      | Found Yrrotsob's Assorted Antiques.
  1473 | D:2      | Bought a sedimented sapphire potion for 19 gold pieces
  1473 | D:2      | Bought a sedimented puce potion for 19 gold pieces
  1473 | D:2      | Bought a scroll labelled TEYZIR ARAIQ for 22 gold pieces
  1563 | D:2      | Reached skill level 2 in Stealth
  1976 | D:2      | HP: 2/17 [something (10)]
  2478 | D:2      | Reached XP level 4. HP: 15/21 MP: 6/6
  2599 | D:3      | Reached skill level 4 in Dodging
  2931 | D:3      | HP: 3/21 [orc (5)]
  3497 | D:3      | HP: 5/21 [orc (4)]
  3498 | D:3      | HP: 2/21 [frozen (3)]
  3498 | D:3      | Slain by an orc
  3499 | D:3      | Reached XP level 3. HP: -2/17 MP: 6/6
  4009 | D:3      | HP: 2/17 [water moccasin zombie (4)]
  4014 | D:3      | Reached skill level 3 in Stealth
  4014 | D:3      | Reached skill level 3 in Unarmed Combat
  4014 | D:3      | Reached XP level 4. HP: 3/22 MP: 7/7
  4359 | D:4      | Reached skill level 2 in Spellcasting
  4359 | D:4      | Reached XP level 5. HP: 11/25 MP: 7/9
  4592 | D:4      | Found a staircase to the Ecumenical Temple.
  4606 | D:4      | Reached skill level 4 in Fighting
  5131 | D:4      | HP: 5/25 [iguana (3)]
  5132 | D:4      | Slain by an iguana

Vanquished Creatures
  A water moccasin zombie (D:3)
  A water moccasin skeleton (D:4)
  A hound (D:4)
  4 gnolls
  3 adders
  An adder skeleton (D:4)
  3 worms
  8 orcs
  8 endoplasms
  A giant cockroach (D:1)
  5 goblins
  2 jackals (D:1)
  5 kobolds
  6 ball pythons
  6 bats
  2 frilled lizards
  5 rats
62 creatures vanquished.

Vanquished Creatures (others)
  A hobgoblin (D:2)
1 creature vanquished.

Grand Total: 63 creatures vanquished

Table legend:
 A = Non-vault XP
 B = Vault XP
 C = Vault XP percentage of total XP
 D = Non-vault monster count
 E = Vault monster count
 F = Vault count percentage of total count
                 A         B        C        D         E       F
            +---------+---------+-------+---------+---------+-------
      Total |     339 |      47 |  12.2 |      53 |       9 |  14.5
            +---------+---------+-------+---------+---------+-------
        D:1 |      32 |       0 |   0.0 |      20 |       0 |   0.0
        D:2 |      66 |       0 |   0.0 |      12 |       0 |   0.0
        D:3 |     110 |      36 |  24.7 |      15 |       6 |  28.6
        D:4 |     131 |      11 |   7.7 |       6 |       3 |  33.3
            +---------+---------+-------+---------+---------+-------

Illustrated notes

Table legend:
 A = Kills in this place as a percentage of kills in entire the game.
 B = Kills by you in this place as a percentage of kills by you in the entire game.
 C = Kills by friends in this place as a percentage of kills by friends in the entire game.
 D = Other kills in this place as a percentage of other kills in the entire game.
 E = Experience gained in this place as a percentage of experience gained in the entire game.
 F = Experience gained in this place divided by the number of levels of this place that you have seen.
                   A       B       C       D       E      F
               +-------+-------+-------+-------+-------+----------------------
         Total | 100.0 | 100.0 |   N/A |   N/A | 100.0 |  77.2
       Dungeon | 100.0 | 100.0 |   N/A |   N/A | 100.0 |  96.5
               +-------+-------+-------+-------+-------+----------------------

Table legend: (Time is in decaauts)
 A = Elapsed time spent in this place.
 B = Non-inter-level travel time spent in this place.
 C = Inter-level travel time spent in this place.
 D = Time resting spent in this place.
 E = Time spent auto-exploring this place.
 F = Levels seen in this place.
 G = Mean time per level.
                   A        B        C        D        E       F      G
               +--------+--------+--------+--------+--------+-----+--------+
         Total |   4599 |   4559 |     40 |    514 |   3252 |   5 |  919.8 |
       Dungeon |   4592 |   4552 |     40 |    514 |   3252 |   4 | 1148.0 |
         Abyss |      6 |      6 |      0 |      0 |      0 |   1 |    6.0 |
               +--------+--------+--------+--------+--------+-----+--------+

Top non-repeatable levels by time:
     D:3: 1758 daAuts
     D:2: 1198 daAuts
     D:1: 928 daAuts
     D:4: 706 daAuts
 Abyss:1: 6 daAuts
